 Dungeon Crawl Stone Soup version 0.28-a0-1348-g050f3537b9 (webtiles) character file.

Game seed: 6469803055549787645

1774 Deminshera the Basher (level 9, -1/84 (93) HPs)
             Began as an Ogre Berserker on Dec 30, 2021.
             Was a Believer of Trog.
             Slain by a wight (6 damage)
             ... on level 6 of the Dungeon.
             The game lasted 00:05:36 (7779 turns).

Deminshera the Basher (Ogre Berserker)              Turns: 7779, Time: 00:05:36

HP:   -1/84 (93)    AC:  3    Str: 27    XL:     9   Next: 7%
MP:   9/9           EV: 10    Int:  8    God:    Trog [**....]
Gold: 220           SH:  0    Dex:  8    Spells: 8/8 levels left

rFire   . . .      SeeInvis .   s - +0 giant club
rCold   + . .      Faith    .   (shield currently unavailable)
rNeg    . . .      Spirit   .   b - +0 animal skin
rPois   .          Reflect  .   (helmet restricted)
rElec   .          Harm     .   (no cloak)
rCorr   .          Rampage  .   (gloves unavailable)
Will    ++...                   (boots unavailable)
Stlth   +.........              (no amulet)
HPRegen 1.24/turn               e - ring of protection from cold
MPRegen 0.11/turn               (no ring)

@: strong-willed, on berserk cooldown, regenerating, slowed, drained, very slow
A: large, unfitting armour, tough skin 1
a: Renounce Religion, Berserk, Trog's Hand


You were on level 6 of the Dungeon.
You worshipped Trog.
Trog was pleased with you.
You visited 2 branches of the dungeon, and saw 7 of its levels.

You collected 220 gold pieces.

Inventory:

Hand Weapons
 r - a +0 flail
 s - a +0 giant club (weapon)
Armour
 b - a +0 animal skin (worn)
Jewellery
 a - an amulet of reflection
 e - a ring of protection from cold (left hand)
 t - an amulet of faith
Scrolls
 c - 2 scrolls of torment {unknown}
 d - 8 scrolls of identify {unknown}
 f - a scroll of brand weapon {unknown}
 j - a scroll of magic mapping {unknown}
 k - 3 scrolls of fear {unknown}
 m - a scroll of fog {unknown}
 n - a scroll of enchant weapon {unknown}
 o - a scroll of teleportation {unknown}
 p - a scroll of enchant armour {unknown}
 u - 3 scrolls of immolation {unknown}
 w - a scroll of noise {unknown}
Potions
 g - 2 potions of degeneration {unknown}
 h - 5 potions of brilliance {unknown}
 i - 2 potions of might {unknown}
 l - 2 potions of heal wounds {unknown}
 q - a potion of flight {unknown}
 v - a potion of lignification {unknown}


   Skills:
 + Level 7.0 Fighting
 * Level 9.3 Maces & Flails
 + Level 4.6 Dodging


You had 8 spell levels left.
You didn't know any spells.
Your spell library was empty.

Dungeon Overview and Level Annotations

Branches:
Dungeon (6/15)             Temple (1/1) D:4

Altars:
Cheibriados
Dithmenos
Wu Jian
Yredelemnul


Innate Abilities, Weirdness & Mutations

You are too large for most types of armour.
You have tough skin. (AC +1)


Message History

Trog accepts your kill. The wight barely misses you.
Your Fighting skill increases to level 7!
Things that are here:
a +3 battleaxe; a +0 robe You closely miss the wight.
The wight hits you with a +2 trident. The wight barely misses you.
You closely miss the wight. The wight misses you. The wight barely misses you.
You closely miss the wight. The wight barely misses you.
The wight hits you with a +2 trident!
You are too injured to fight recklessly!
You are too injured to fight recklessly!
You are too injured to fight recklessly!
You barely miss the wight.
You are no longer berserk.
You are exhausted.
You feel yourself slow down.
You barely miss the wight. The wight completely misses you.
The wight closely misses you. The wight completely misses you.
The wight hits you with a +2 trident!
You feel drained. The wight hits you with a +0 halberd.
You feel drained. The wight hits you with a +0 halberd.
* * * LOW HITPOINT WARNING * * *
You feel drained.
* * * LOW HITPOINT WARNING * * *
The wight hits you with a +2 trident.
* * * LOW HITPOINT WARNING * * *
Your skin crawls.
You feel strong-willed. The wight barely misses you.
The wight completely misses you.
You hit the wight but do no damage. The wight hits you with a +2 trident!
* * * LOW HITPOINT WARNING * * *
You feel drained.
* * * LOW HITPOINT WARNING * * *
The wight hits you with a +0 halberd.
* * * LOW HITPOINT WARNING * * *
The wight hits you with a +2 trident.
* * * LOW HITPOINT WARNING * * *
The wight hits you with a +0 halberd.
You die...

#### ...# ##.# ###
.#.# #.. .#.#
#.###+### )#.#
#.#.....
##.##########.#z♣.♣.#
..............')@z..+
.[............#)♣.♣.#
##...........##.....
#............###+###
##............#
...........[..#
###...........#
.............)..
.............#.##


You could see 2 wights.

Vanquished Creatures
  A water moccasin (D:5)
  An ice beast (D:3)
  An ogre (D:5)
  A necrophage (D:5)
  4 phantoms
  2 centaurs
  2 bullfrogs
  A scorpion (D:4)
  A water moccasin skeleton (D:5)
  3 wights (D:6)
  2 howler monkeys (D:5)
  A centaur zombie (D:6)
  3 hounds
  A jelly (D:5)
  Terence (D:3)
  Jessica (D:3)
  A bullfrog skeleton (D:5)
  An iguana (D:4)
  3 orc wizards
  A hound skeleton (D:4)
  4 gnolls
  3 adders
  A shadow imp (D:5)
  An adder skeleton (D:4)
  3 worms
  A dart slug (D:5)
  14 orcs
  6 ball pythons
  5 endoplasms
  2 giant cockroaches
  8 hobgoblins
  4 jackals (D:2)
  A quokka (D:2)
  4 bats
  3 frilled lizards
  5 goblins
  5 kobolds
  13 rats
115 creatures vanquished.

Notes
Turn   | Place    | Note
-------+----------+-------------------------------------------
     0 | D:1      | Deminshera the Ogre Berserker began the quest for the Orb.
     0 | D:1      | Reached XP level 1. HP: 24/24 MP: 1/1
   215 | D:1      | Reached skill level 3 in Maces & Flails
   215 | D:1      | Reached XP level 2. HP: 32/32 MP: 2/2
   568 | D:2      | Reached XP level 3. HP: 31/40 MP: 3/3
   602 | D:2      | Reached ** piety under Trog
   617 | D:2      | Reached XP level 4. HP: 31/49 MP: 4/4
   944 | D:2      | Reached skill level 4 in Maces & Flails
  1354 | D:2      | Found a faded altar of an unknown god.
  1371 | D:2      | Found a faded altar of an unknown god.
  1630 | D:3      | Noticed Terence
  1637 | D:3      | Killed Terence
  1638 | D:3      | Reached XP level 5. HP: 54/55 MP: 5/5
  2672 | D:3      | Noticed Jessica
  2676 | D:3      | Killed Jessica
  2948 | D:3      | Reached skill level 5 in Maces & Flails
  3257 | D:3      | Noticed an ice beast
  3267 | D:3      | Killed an ice beast
  3268 | D:3      | Reached skill level 5 in Fighting
  3268 | D:3      | Reached XP level 6. HP: 49/66 MP: 6/6
  3645 | D:4      | Found a staircase to the Ecumenical Temple.
  3775 | Temple   | Entered the Ecumenical Temple
  4538 | D:4      | Reached skill level 6 in Maces & Flails
  4538 | D:4      | Reached XP level 7. HP: 72/72 MP: 7/7
  5830 | D:5      | Entered Level 5 of the Dungeon
  5836 | D:5      | Reached skill level 7 in Maces & Flails
  5993 | D:5      | Reached XP level 8. HP: 83/83 MP: 8/8
  6391 | D:5      | Found a shadowy altar of Dithmenos.
  6394 | D:5      | Found a snail-covered altar of Cheibriados.
  6442 | D:5      | Reached skill level 8 in Maces & Flails
  7468 | D:5      | Found a basalt altar of Yredelemnul.
  7729 | D:6      | Reached skill level 9 in Maces & Flails
  7761 | D:6      | Found an ornate altar of the Wu Jian Council.
  7764 | D:6      | Reached XP level 9. HP: 89/92 MP: 9/9
  7779 | D:6      | Slain by a wight

Illustrated notes

Levels and vault maps discovered:
D:1:      tarquinn_simple_flora_water_e, layout_basic, minmay_bisected
D:2:      layout_rooms, hellmonk_ecumenical_altar_the_god_not_taken,
          minmay_surrounded
D:3:      layout_basic, uniq_jessica, uniq_terence
D:4:      layout_basic, minmay_temple_entry_waves, minmay_box_of_dots
D:5:      layout_cave_pools, grunt_temple_overflow_diamond,
          kennysheep_generic_room_4
D:6:      layout_basic, kennysheep_little_box
Temple:   dpeg_five_rooms_temple

Skill      XL: |  1  2  3  4  5  6  7  8  9 |
---------------+----------------------------+-----
Maces & Flails | 3 4 5 6 7 9 |  9.3
Dodging        | 3 4 |  4.6
Fighting       | 5 6 7 |  7.0

Action                   |  1- 3 |  4- 6 |  7- 9 || total
-------------------------+-------+-------+-------++-------
Melee: Mace              |    57 |   175 |    82 ||   314
       Flail             |       |       |    53 ||    53
       Giant club        |       |       |    33 ||    33
Invok: Berserk           |     2 |     6 |     8 ||    16
       Trog's Hand       |       |       |     2 ||     2
Armor: Animal skin       |    18 |    43 |    33 ||    94
Dodge: Dodged            |    24 |   113 |    77 ||   214

Table legend: (Time is in decaauts)
 A = Elapsed time spent in this place.
 B = Non-inter-level travel time spent in this place.
 C = Inter-level travel time spent in this place.
 D = Time resting spent in this place.
 E = Time spent auto-exploring this place.
 F = Levels seen in this place.
 G = Mean time per level.
                   A        B        C        D        E       F      G
               +--------+--------+--------+--------+--------+-----+--------+
         Total |   7957 |   7801 |    156 |   3654 |   3339 |   7 | 1136.7 |
       Dungeon |   7157 |   7001 |    156 |   2863 |   3339 |   6 | 1192.8 |
        Temple |    800 |    800 |      0 |    790 |      0 |   1 |  800.0 |
               +--------+--------+--------+--------+--------+-----+--------+

Top non-repeatable levels by time:
     D:3: 2118 daAuts
     D:4: 1725 daAuts
     D:5: 1532 daAuts
     D:2: 1042 daAuts
  Temple: 800 daAuts
     D:1: 561 daAuts
     D:6: 177 daAuts
